Map: Habitation Station LE (Void)

Players

ChrisJericho - Winner!

  • Race: Protoss Protoss
  • League: Diamond
  • Spawn Location: 11:00

Fropez

  • Race: Protoss Protoss
  • League: Gold
  • Spawn Location: 1:00

VOD

Have the link to the VOD?

Description

Time

  • Played on: Jan. 19, 2017, 7:13 p.m.
  • Length: 14:23
Show
View Real Time Build Order
Export as new Build Order

ChrisJericho Protoss - Winner!

Build Orders:  

Get SALT Encoding   

  12  0:02  Probe (Chrono Boost)  
  13  0:13  Probe (Chrono Boost)  
  14  0:17  Pylon  
  14  0:24  Probe (Chrono Boost)  
  16  0:35  Probe (Chrono Boost)  
  16  0:46  Probe (Chrono Boost)  
  17  0:50  Assimilator  
  17  0:53  Assimilator  
  17  0:56  Probe (Chrono Boost)  
  18  0:58  Gateway  
  18  1:07  Probe (Chrono Boost)  
  19  1:18  Probe (Chrono Boost)  
  20  1:28  Probe (Chrono Boost)  
  22  1:40  Pylon, Probe (Chrono Boost)  
  22  1:48  Cybernetics Core  
  23  1:54  Probe (Chrono Boost)  
  23  2:04  Probe (Chrono Boost)  
  23  2:06  Pylon  
  24  2:11  Forge  
  24  2:13  Gateway  
  24  2:17  Warp Gate  
  24  2:29  Mothership Core (Chrono Boost)  
  26  2:33  Gateway  
  26  2:52  Gateway  
  26  3:03  Pylon  
  25  3:26  Protoss Ground Weapons Level 1  
  25  3:31  Twilight Council  
  25  3:34  Nexus  
  25  3:44  Pylon  
  25  3:48  Gateway  
  25  4:13  Resonating Glaives  
  25  4:23  Stalker  
  27  4:27  Stalker x3  
  33  4:52  Stalker x3  
  39  4:59  Probe x2 (Chrono Boost)  
  41  5:18  Probe (Chrono Boost)  
  41  5:19  Probe (Chrono Boost)  
  43  5:29  Adept x4  
  53  5:35  Probe (Chrono Boost)  
  53  5:37  Probe (Chrono Boost)  
  49  5:47  Protoss Ground Weapons Level 2  
  49  5:53  Stargate  
  49  5:56  Probe (Chrono Boost)  
  51  5:58  Probe (Chrono Boost), Stalker  
  53  6:08  Probe (Chrono Boost)  
  53  6:10  Probe (Chrono Boost)  
  56  6:18  Probe (Chrono Boost)  
  56  6:19  Pylon  
  56  6:21  Blink  
  56  6:22  Probe (Chrono Boost)  
  57  6:35  Robotics Facility  
  57  6:42  Stalker x2  
  61  6:59  Stalker x2  
  65  7:08  Oracle  
  65  7:13  Zealot x2  
  72  7:23  Pylon  
  72  7:44  Probe (Chrono Boost)  
  74  7:45  Probe (Chrono Boost), Assimilator  
  74  7:46  Stalker x2  
  74  7:47  Assimilator, Stalker x3  
  72  8:31  Probe (Chrono Boost)  
  72  8:33  Probe (Chrono Boost)  
  74  8:42  Probe (Chrono Boost)  
  74  8:45  Probe (Chrono Boost)  
  73  9:26  Stalker x3  
  73  9:27  Stalker x2  
  83  9:41  Observer  
  84  9:51  Zealot  
  86  10:01  Pylon  
  86  10:03  Pylon  
  86  10:05  Pylon  
  86  10:19  Void Ray, Probe (Chrono Boost)  
  86  10:21  Probe (Chrono Boost)  
  92  10:27  Nexus  
  92  10:30  Probe (Chrono Boost)  
  92  10:33  Probe (Chrono Boost)  
  94  10:37  Stalker x5  
  94  10:40  Probe (Chrono Boost)  
  103  10:45  Probe (Chrono Boost)  
  100  10:55  Immortal  
  82  11:17  Stalker x4  
  86  11:27  Mothership Core (Chrono Boost)  
  80  11:42  Protoss Shields Level 1  
  76  11:49  Stalker x2  
  76  11:50  Stalker x3  
  86  12:24  Stalker x4  
  86  12:25  Stalker  
  66  13:00  Stalker x3  
  66  13:01  Stalker x2  
  76  13:07  Immortal  
  80  13:25  Probe x2 (Chrono Boost)  
  80  13:26  Probe (Chrono Boost)  
  83  13:35  Probe x2 (Chrono Boost)  
  83  13:38  Probe (Chrono Boost)  
  70  14:06  Stalker  
  70  14:07  Stalker x2  
  70  14:08  Stalker  
Show
View Real Time Build Order
Export as new Build Order

Fropez Protoss 

Build Orders: 1 Gate Expand 

Get SALT Encoding   

  12  0:01  Probe (Chrono Boost)  
  13  0:11  Probe (Chrono Boost)  
  14  0:22  Probe (Chrono Boost)  
  14  0:24  Pylon  
  15  0:42  Probe (Chrono Boost), Gateway  
  16  0:53  Probe (Chrono Boost)  
  16  0:56  Assimilator  
  17  1:03  Probe (Chrono Boost)  
  19  1:18  Probe (Chrono Boost)  
  19  1:29  Nexus  
  19  1:33  Pylon  
  19  1:38  Cybernetics Core  
  19  1:41  Probe (Chrono Boost)  
  20  1:51  Probe (Chrono Boost)  
  21  2:02  Probe (Chrono Boost), Assimilator  
  21  2:04  Warp Gate  
  22  2:12  Probe (Chrono Boost)  
  23  2:18  Gateway  
  23  2:22  Pylon  
  23  2:23  Probe (Chrono Boost)  
  26  2:31  Stalker  
  26  2:33  Probe (Chrono Boost)  
  27  2:43  Assimilator  
  28  2:44  Probe (Chrono Boost)  
  28  2:55  Probe (Chrono Boost)  
  29  3:01  Stalker  
  29  3:03  Robotics Facility  
  32  3:06  Probe (Chrono Boost)  
  32  3:11  Stalker  
  34  3:15  Probe (Chrono Boost)  
  34  3:29  Twilight Council  
  34  3:34  Pylon  
  34  3:37  Probe (Chrono Boost)  
  34  3:39  Probe (Chrono Boost)  
  36  3:47  Assimilator  
  38  3:53  Observer  
  37  4:04  Probe (Chrono Boost)  
  37  4:05  Gateway  
  37  4:09  Mothership Core (Chrono Boost)  
  40  4:14  Probe (Chrono Boost)  
  41  4:19  Pylon  
  41  4:23  Stalker x2  
  45  4:33  Probe (Chrono Boost)  
  45  4:35  Probe (Chrono Boost)  
  47  4:50  Resonating Glaives  
  47  4:52  Pylon, Probe (Chrono Boost)  
  49  4:54  Probe (Chrono Boost)  
  49  4:55  Stalker x2  
  53  5:04  Warp Prism  
  53  5:15  Stalker  
  55  5:24  Stalker x2  
  55  5:25  Pylon  
  57  5:46  Stalker  
  60  5:50  Forge  
  60  5:51  Probe x2 (Chrono Boost), Forge  
  60  5:53  Immortal  
  65  6:03  Probe (Chrono Boost), Stalker  
  65  6:04  Probe (Chrono Boost)  
  69  6:05  Pylon  
  69  6:12  Adept  
  69  6:15  Adept  
  73  6:20  Protoss Ground Weapons Level 1, Protoss Ground Armor Level 1  
  73  6:28  Blink  
  73  6:34  Stalker x2  
  77  6:51  Stalker  
  77  6:53  Observer  
  82  7:02  Probe x2 (Chrono Boost), Gateway  
  82  7:07  Adept x2  
  86  7:23  Adept  
  88  7:33  Adept  
  88  7:34  Adept  
  92  8:10  Stalker  
  92  8:11  Stalker  
  94  8:38  Pylon  
  94  8:40  Pylon, Protoss Ground Armor Level 2  
  94  8:41  Protoss Ground Weapons Level 2  
  94  8:42  Pylon  
  94  8:43  Gateway  
  94  8:46  Gateway  
  94  8:47  Gateway  
  90  9:03  Stalker  
  90  9:04  Stalker x3  
  92  9:27  Stalker x3  
  92  9:28  Stalker  
  100  9:33  Pylon  
  100  9:44  Pylon  
  100  9:54  Nexus  
  100  9:56  Pylon, Stalker x3  
  106  10:18  Gateway  
  106  10:19  Assimilator  
  106  10:20  Stalker x3  
  110  10:47  Stalker  
  110  10:48  Stalker x2  
  112  10:53  Pylon  
  112  10:55  Pylon  
  112  10:56  Pylon  
  112  10:59  Protoss Ground Armor Level 3  
  90  11:18  Stalker x3  
  88  11:19  Protoss Ground Weapons Level 3  
  82  11:50  Stalker x5  
  82  11:51  Stalker  
  94  12:08  Assimilator  
  94  12:11  Gateway  
  88  12:21  Stalker x3  
  88  12:22  Stalker x2  
  80  12:52  Stalker x3  
  80  12:53  Stalker x2  
  74  13:05  Adept x2  
  76  13:10  Probe (Chrono Boost)  
  79  13:16  Probe (Chrono Boost)  
  79  13:17  Probe (Chrono Boost)  
  81  13:23  Adept  
  83  13:29  Adept  
  84  13:37  Stalker  
  74  13:53  Stalker  
  67  14:04  Adept  
Tags
 
Add a new tag
Caveats
  • Supply blocks, unpowered buildings, or Contaminate may cause inaccurate times.
  • Supply counts are checked every 10 seconds.